 Dungeon Crawl Stone Soup version 0.29-a0-88-g03a7b78be7 (webtiles) character file.

Game seed: 12120498104832521188

221 Sweetruy1997 the Chopper (level 5, -4/47 HPs)
             Began as a Hill Orc Fighter on Feb 5, 2022.
             Was an Initiate of Beogh.
             Slain by a troll (14 damage)
             ... on level 5 of the Dungeon.
             The game lasted 00:09:35 (4315 turns).

Sweetruy1997 the Chopper (Hill Orc Fighter)         Turns: 4315, Time: 00:09:36

Health: -4/47      AC:  8    Str: 19    XL:     5   Next: 98%
Magic:  13/14      EV:  9    Int: 10    God:    Beogh [......]
Gold:   154        SH:  5    Dex: 16    Spells: 1/4 levels left

rFire   . . .      SeeInvis .   a - +0 war axe
rCold   + . .      Faith    .   c - +0 buckler
rNeg    . . .      Spirit   .   b - +0 scale mail
rPois   .          Reflect  .   (no helmet)
rElec   .          Harm     .   (no cloak)
rCorr   .          Rampage  .   s - +0 pair of gloves
Will    .....                   (no boots)
Stlth   +.........              (no amulet)
HPRegen 0.15/turn               n - +6 ring of dexterity
MPRegen 0.14/turn               f - ring of Law {rC+ MP+9 Slay+5 Stlth+}

@: no status effects
A: no striking features
a: Renounce Religion


You were on level 5 of the Dungeon.
You worshipped Beogh.
Beogh was noncommittal.
You visited 2 branches of the dungeon, and saw 6 of its levels.

You collected 154 gold pieces.

Inventory:

Hand Weapons
 a - a +0 war axe (weapon)
Missiles
 m - 2 boomerangs (quivered)
 u - 36 stones
Armour
 b - a +0 scale mail (worn)
 c - a +0 buckler (worn)
 s - a +0 pair of gloves (worn)
Jewellery
 f - the ring of Law (right hand) {rC+ MP+9 Slay+5 Stlth+}
   (You acquired it on level 3 of the Dungeon)

   [ring of magical power]

   Slay:      It affects your accuracy & damage with ranged weapons and melee
   (+5).
   rC:        It protects you from cold.
   MP:        It affects your magic capacity (+9).
   Stlth:     It makes you more stealthy.
 n - a +6 ring of dexterity (left hand)
Scrolls
 e - 2 scrolls of teleportation
 i - a scroll of brand weapon {unknown}
 l - a scroll of blinking
 p - 2 scrolls of magic mapping {unknown}
 t - a scroll of enchant weapon {unknown}
Potions
 d - 2 potions of might
 g - a potion of ambrosia {unknown}
 h - a potion of invisibility {unknown}
 j - a potion of degeneration {unknown}
 k - 2 potions of brilliance {unknown}
 o - 3 potions of heal wounds
 q - a potion of flight {unknown}
 r - a potion of curing {unknown}


   Skills:
 + Level 4.3 Fighting
 + Level 5.4 Axes
 + Level 4.5 Armour
 + Level 0.5 Dodging
 + Level 0.2 Stealth
 + Level 4.1 Shields


You had one spell level left.
You knew the following spells:

 Your Spells              Type           Power      Damage    Failure   Level
a - Pain                  Necr           0%         1d4       80%         1
b - Animate Skeleton      Necr           0%         N/A       80%         1
c - Sandblast             Erth           0%         2d4       80%         1

Your spell library contained the following spells:

 Spells                   Type           Power      Damage    Failure   Level
 Passwall                 Tmut/Erth      0%         N/A       91%         2
 Stone Arrow              Conj/Erth      0%         3d7       99%         3
 Vampiric Draining        Necr           0%         2d6       99%         3


Dungeon Overview and Level Annotations

Branches:
Dungeon (5/15)             Temple (1/1) D:4

Altars:
Ashenzari
Cheibriados
Dithmenos
Elyvilon
Fedhas
Gozag
Hepliaklqana
Kikubaaqudgha
Makhleb
Nemelex Xobeh
Okawaru
Qazlal
Ru
Sif Muna
Trog
Uskayaw
Vehumet
Wu Jian
Xom
Yredelemnul
Zin
The Shining One

Annotations:
D:4 2 transporters, robertstho's ghost, amateur TrDe


Message History

The troll is lightly wounded.
You aren't carrying any items that you can evoke.
Cast which spell? (? or * to list)
Aiming: Pain (safe; 80% risk of failure)
Press: ? - help, Shift-Dir - straight line, f/p - troll
Aim: a troll (lightly wounded, chance to affect: 32%)
You miscast Pain.
You are very lightly contaminated with residual magic.
Nothing appears to happen.
Casting: Pain (safe; 80% risk of failure)
Confirm with . or Enter, or press ? or * to list all spells.
Aiming: Pain (safe; 80% risk of failure)
Press: ? - help, Shift-Dir - straight line, f/p - troll
Aim: a troll (lightly wounded, chance to affect: 32%)
The troll easily resists.
You hit the troll.
The troll is lightly wounded.
The troll barely misses you. The troll claws you.
The troll claws you but does no damage.
You closely miss the troll.
The troll is lightly wounded.
The troll bites you! The troll claws you! The troll closely misses you.
The troll bites you. You block the troll's attack. x2
You hit the troll.
The troll is lightly wounded.
The troll bites you.
* * * LOW HITPOINT WARNING * * *
You block the troll's attack. The troll misses you.
You closely miss the troll.
The troll is lightly wounded.
The troll bites you but does no damage. You block the troll's attack. x2
You hit the troll.
The troll is lightly wounded.
You block the troll's attack. The troll barely misses you. The troll claws you.
* * * LOW HITPOINT WARNING * * *
Your magical contamination has completely faded away.
You hit the troll.
The troll is moderately wounded.
The troll bites you!
You die...

......# .$.....
......# ......# ###
.....## #. ...
....... #.#
###.#######.....#
#.#.<........@TZ....#
....#.###...#####...#
#.#...# #...# ## #.#
#.###...#
#.###......##
#.#.......##.#######.
#.#..####.##.........
#.#..# #.###########
#.#..# #.........


You could see a troll and a hound zombie.

Vanquished Creatures
  2 bullfrog skeletons
  A howler monkey skeleton (D:4)
  6 adders
  2 worms
  2 dart slugs
  7 orcs (D:3)
  5 endoplasms
  6 giant cockroaches
  3 goblins (D:2)
  6 hobgoblins
  10 jackals
  6 kobolds
  5 quokkas
  5 ball pythons
  6 bats
  2 frilled lizards
  8 rats
82 creatures vanquished.

Vanquished Creatures (others)
  12 plants (D:2)
12 creatures vanquished.

Grand Total: 94 creatures vanquished

Notes
Turn   | Place    | Note
-------+----------+-------------------------------------------
     0 | D:1      | Sweetruy1997 the Hill Orc Fighter began the quest for the
                  | Orb.
     0 | D:1      | Reached XP level 1. HP: 19/19 MP: 1/1
   208 | D:1      | Reached XP level 2. HP: 19/27 MP: 2/2
   315 | D:1      | Found a faded altar of an unknown god.
   324 | D:1      | Reached skill level 3 in Axes
   696 | D:1      | Reached XP level 3. HP: 33/33 MP: 3/3
  1407 | D:2      | Reached XP level 4. HP: 30/40 MP: 4/4
  2412 | D:3      | Identified a scroll of acquirement
  2414 | D:3      | Acquired the ring of Law {rC+ MP+9 Slay+5 Stlth+}
  2503 | D:3      | Reached skill level 4 in Axes
  2696 | D:3      | Reached XP level 5. HP: 46/46 MP: 5/5
  2704 | D:3      | Became a worshipper of Beogh the Brigand
  3448 | D:4      | Reached skill level 5 in Axes
  3498 | D:4      | Found a hide-covered altar of Uskayaw.
  3534 | D:4      | Found a staircase to the Ecumenical Temple.
  3575 | D:4      | Found a transporter.
  3584 | Temple   | Entered the Ecumenical Temple
  3836 | D:4      | Noticed robertstho's ghost (amateur TrDe)
  3836 | D:4      | Noticed an ogre
  3837 | D:4      | Found a transporter.
  3839 | D:4      | Identified the +3 dire flail "Fidac" {flame, Fragile Str+4
                  | Int+7}
  3839 | D:4      | Noticed an ogre
  3919 | D:4      | Learned a level 1 spell: Pain
  3921 | D:4      | Learned a level 1 spell: Animate Skeleton
  3923 | D:4      | Learned a level 1 spell: Sandblast
  4226 | D:5      | Entered Level 5 of the Dungeon
  4304 | D:5      | Noticed a troll
  4315 | D:5      | Slain by a troll

Illustrated notes

Levels and vault maps discovered:
D:1:      lordsloth_arrival_two_stooges, layout_basic,
          hellmonk_ecumenical_altar_blasted, st_stairs_9
D:2:      wad_lake_hut, layout_basic
D:3:      layout_loops_ring, wad_orctagon
D:4:      layout_basic, nicolae_uskayaw_suspiria, minmay_temple_entry_overgrown,
          gammafunk_ghost_smash
D:5:      layout_loops_ring
Temple:   mainiacjoe_temple_hex_bubbles

Skill      XL: |  1  2  3  4  5 |
---------------+----------------+-----
Axes           | 3 4 5 |  5.4
Fighting       | 4 |  4.3
Armour         | 4 |  4.5
Shields        | 4 |  4.1
Dodging        | |  0.5
Stealth        | |  0.2

Action                   |  1- 3 |  4- 6 || total
-------------------------+-------+-------++-------
Melee: War axe           |   120 |   120 ||   240
Throw: Boomerang         |       |     6 ||     6
 Cast: Pain              |       |     1 ||     1
Invok: Convert to Beogh  |       |     1 ||     1
  Use: Scroll            |       |     5 ||     5
 Stab: Sleeping          |       |     2 ||     2
Armor: Scale mail        |    56 |    48 ||   104
Dodge: Dodged            |    76 |    65 ||   141
Block: Buckler           |    33 |    32 ||    65

Table legend: (Time is in decaauts)
 A = Elapsed time spent in this place.
 B = Non-inter-level travel time spent in this place.
 C = Inter-level travel time spent in this place.
 D = Time resting spent in this place.
 E = Time spent auto-exploring this place.
 F = Levels seen in this place.
 G = Mean time per level.
                   A        B        C        D        E       F      G
               +--------+--------+--------+--------+--------+-----+--------+
         Total |   4446 |   4199 |    247 |      0 |   3567 |   6 |  741.0 |
       Dungeon |   4204 |   3985 |    219 |      0 |   3356 |   5 |  840.8 |
        Temple |    241 |    213 |     28 |      0 |    211 |   1 |  241.0 |
               +--------+--------+--------+--------+--------+-----+--------+

Top non-repeatable levels by time:
     D:2: 1472 daAuts
     D:1: 1021 daAuts
     D:3: 871 daAuts
     D:4: 748 daAuts
  Temple: 241 daAuts
     D:5: 91 daAuts
